 Dungeon Crawl Stone Soup version 0.24.1-8-ga250c9d538 (webtiles) character file.

Game seed: 9720154558167881406, levelgen mode: deterministic

122 Peloso the Skirmisher (level 4, -4/35 HPs)
             Began as a Demonspawn Fighter on May 8, 2020.
             Killed by divine providence
             ... invoked by an orc priest
              (13 damage)
             ... on level 3 of the Dungeon.
             The game lasted 00:04:42 (1860 turns).

Peloso the Skirmisher (Demonspawn Fighter)          Turns: 1860, Time: 00:04:42

Health: -4/35      AC:  6    Str: 17    XL:     4   Next: 78%
Magic:  4/4        EV:  7    Int:  9    God:
Gold:   70         SH:  9    Dex: 13    Spells: 3/3 levels left

rFire    . . .     SeeInvis .   a - +0 long sword
rCold    + . .     Gourm    .   c - +0 shield
rNeg     . . .     Faith    .   b - +0 scale mail
rPois    .         Spirit   .   (no helmet)
rElec    .         Reflect  .   (no cloak)
rCorr    .         Harm     .   (no gloves)
MR       .....                  (no boots)
Stlth    ..........             (no amulet)
HPRegen  0.11/turn              (no ring)
MPRegen  0.09/turn              (no ring)

@: no status effects
A: hooves 1, cold resistance 1
a: no special abilities


You were on level 3 of the Dungeon.
You were not hungry.

You visited 1 branch of the dungeon, and saw 3 of its levels.

You collected 70 gold pieces.

Inventory:

Hand Weapons
 a - a +0 long sword (weapon)
Armour
 b - a +0 scale mail (worn)
 c - a +0 shield (worn)
Jewellery
 h - an uncursed ring of magical power {unknown}
Scrolls
 e - a scroll of fog {unknown}
 g - a scroll of magic mapping {unknown}
 i - 3 scrolls of identify
 j - a scroll of noise {unknown}
 m - 2 scrolls of remove curse
 r - a scroll of enchant armour {unknown}
Potions
 d - a potion of might
 k - a potion of agility
 l - a potion of experience {unknown}
 n - 2 potions of curing
 o - a potion of haste
 q - a potion of berserk rage {unknown}
Comestibles
 f - 6 rations


   Skills:
 + Level 3.5 Fighting
 + Level 3.0 Long Blades
 + Level 3.2 Armour
 + Level 1.1 Dodging
 + Level 3.2 Shields


You had 3 spell levels left.
You didn't know any spells.
Your spell library was empty.

Dungeon Overview and Level Annotations

Branches:
Dungeon (3/15)

Altars:
Fedhas


Innate Abilities, Weirdness & Mutations

You have large cloven feet.
Your flesh is cold resistant. (rC+)


Message History

An orc wizard comes into view. It is wielding a +0 dagger.
An orc, 2 orc priests and an orc wizard come into view.
The orc is wielding a +2 flail of protection.
The orc wizard shouts! x2; The orc priest shouts! x2; The orc shouts!
The orc wizard gestures wildly while chanting.
The orc wizard blinks!
The orc priest mumbles some strange prayers to Beogh against you.
Beogh smites you!
The orc priest mumbles some strange prayers to Beogh against you.
Beogh smites you!
* * * LOW HITPOINT WARNING * * *
Okay, then.
As you read the scroll labeled BAOMORGH GURREHI, it crumbles to dust.
You feel blessed for a moment.
It was a scroll of remove curse.
As you read the scroll labeled QIONI NOJUO, it crumbles to dust.
It is a scroll of identify.
n - 2 potions of curing The orc priest invokes the aid of Beogh against you.
Beogh smites you!
You die...

..........######+#..#........#
#.##......# #..............#
#.##......# #..............#
#.##......# #..............#
#.##......# #..............#
#.###### ##....#........#
#.### ##################
#.##)).######...#######
....))..........@.....#
#.........###...#####...
#.##...##.###..o######## #.
#...........o.....o.. #
#....#.##....######..
#....#.##....>..o.ยง.
#....#.##.....#o....
####.#.##.....# o.o. #.....#
...


You could see 2 orc priests.

Vanquished Creatures
  A worker ant (D:3)
  2 adders (D:2)
  An ooze (D:1)
  4 worms
  2 dart slugs
  3 leopard geckos
  4 orcs (D:3)
  2 giant cockroaches
  6 goblins
  7 hobgoblins
  A ball python (D:1)
  7 bats
  4 frilled lizards
  7 kobolds
  8 rats
59 creatures vanquished.

Notes
Turn   | Place    | Note
-------+----------+-------------------------------------------
     0 | D:1      | Peloso the Demonspawn Fighter began the quest for the Orb.
     0 | D:1      | Reached XP level 1. HP: 18/18 MP: 1/1
    77 | D:1      | Gained mutation: You have large cloven feet. [demonic
                  | ancestry]
    77 | D:1      | Reached XP level 2. HP: 8/24 MP: 2/2
   556 | D:1      | Reached XP level 3. HP: 29/29 MP: 3/3
  1107 | D:2      | Gained mutation: Your flesh is cold resistant. (rC+)
                  | [demonic ancestry]
  1107 | D:2      | Reached XP level 4. HP: 35/35 MP: 4/4
  1230 | D:2      | Reached skill level 1 in Dodging
  1429 | D:3      | Found a blossoming altar of Fedhas.
  1860 | D:3      | Killed from afar by an orc priest

Levels and vault maps discovered:
D:1:      dpeg_arrival_tiny_e, layout_rooms, grunt_decor_mini_mirrors
D:2:      layout_loops_ring, first_ration
D:3:      wad_crossroads, layout_basic, lemuel_crystal_altar

Skill      XL: |  1  2  3  4 |
---------------+-------------+-----
Shields        | 3 |  3.2
Long Blades    | 2 3 |  3.0
Armour         | 3 |  3.2
Dodging        | 1 |  1.1
Fighting       | |  3.5

Action                   |  1- 3 |  4- 6 || total
-------------------------+-------+-------++-------
Melee: Long sword        |   112 |    54 ||   166
       Kick              |    24 |    18 ||    42
  Use: Potion            |     4 |       ||     4
       Scroll            |       |     2 ||     2
  Eat: Chunk             |       |     3 ||     3
Armor: Scale mail        |    80 |    28 ||   108
Dodge: Dodged            |    50 |    20 ||    70
Block: Shield            |    75 |    32 ||   107
       Rpst.: Long sword |    14 |     7 ||    21
